 Dungeon Sprint DCSS version 0.17-a0-18-gc25b939 (webtiles) character file.

486601 Crauler the End of an Era (level 19, 189/189 HPs)
             Began as a Demonspawn Fighter on Mar 12, 2015.
             Was the Champion of Qazlal.
             Escaped with the Orb!
             The game lasted 01:20:12 (3526 turns).

Crauler the End of an Era (Demonspawn Fighter)      Turns: 3526, Time: 01:20:13

Health: 189/189    AC: 41    Str: 40    XL:     19   Next: 18%
Magic:  41/41      EV: 10    Int: 12    God:    Qazlal [******]
Gold:   0          SH: 42    Dex: 14    Spells: 9 memorised, 9 levels left

rFire  + + +     SeeInvis +     J - +14 obsidian axe {chop, +Fly Str+3 SInv Curse}
rCold  + . .     Clarity  .     G - +7 plate armour "Tutoast" {-Tele rF+++ Int-2 Slay+2}
rNeg   + + +     SustAb   .     L - +18 shield of the gong {rElec rN+ MR+ EV-5}
rPois  .         Gourm    .     V - +2 helmet {Int+3}
rElec  +         Spirit   .     C - +2 cloak {MR+}
rCorr  .         Warding  .     (no gloves)
rMut   +         NoTele   +     (boots unavailable)
MR     ++++.                    T - amulet "Neleleo" {rMut rN++ MR+}
Stlth  ..........               U - ring of Tolaish {Ice Str+9}
                                H - +6 ring of strength

@: mesmerised, glowing, repel missiles, incredibly resistant to hostile
enchantments, extremely unstealthy
A: hooves 3, molten scales 3, foul stench 1, nightstalker 2, rot immunity
a: Upheaval, Elemental Force, Disaster Area, Renounce Religion, Evoke Flight
0: Orb of Zot


You escaped.
You worshipped Qazlal.
Qazlal was exalted by your worship.
You were not hungry.

You visited 1 branch

Inventory:

Hand weapons
 J - the +14 obsidian axe (weapon) {chop, +Fly Str+3 SInv Curse}
   (You found it in the Dungeon)

   It inflicts extra damage upon your enemies.
   It affects your strength (+3).
   It enhances your eyesight.
   It lets you fly.
   It may re-curse itself when equipped.
Armour
 C - a +2 cloak of magic resistance (worn)
 G - the +7 plate armour "Tutoast" (worn) {-Tele rF+++ Int-2 Slay+2}
   (You found it in the Dungeon)

   It affects your intelligence (-2).
   It affects your accuracy and damage with ranged weapons and melee attacks
   (+2).
   It renders you almost immune to fire.
   It prevents most forms of teleportation.
 L - the +18 shield of the gong (worn) {rElec rN+ MR+ EV-5}
   (You found it in the Dungeon)

   It affects your evasion (-5).
   It insulates you from electricity.
   It protects you from negative energy.
   It affects your resistance to hostile enchantments.
 V - a +2 helmet of intelligence (worn)
Rods
 D - a +5 rod of clouds (10/10)
   (You found it in the Dungeon)
 N - a +2 iron rod (13/13)
   (You found it in the Dungeon)
Jewellery
 b - the ring of Lady Luck {+Inv rC+ MR+ SInv Stlth-}
   (You took it off an orc warlord in the Dungeon)

   [ring of protection from magic]

   It protects you from cold.
   It affects your resistance to hostile enchantments.
   It enhances your eyesight.
   It lets you turn invisible.
   It makes you less stealthy.
 c - the ring of Crihuk {rC+ MR+}
   (You found it in the Dungeon)

   [ring of protection from magic]

   It protects you from cold.
   It affects your resistance to hostile enchantments.
 E - an uncursed amulet of resist corrosion
 H - a +6 ring of strength (left hand)
 K - the ring "Sodud" {rPois rF+ rC+ Int+2}
   (You found it in the Dungeon)

   [ring of protection from cold]

   It affects your intelligence (+2).
   It protects you from fire.
   It protects you from cold.
   It protects you from poison.
 P - the ring "Xemoab" {rPois rN+ Stlth-}
   (You found it in the Dungeon)

   [ring of loudness]

   It protects you from poison.
   It protects you from negative energy.
   It makes you less stealthy.
 Q - the ring of the Magpie {rF+ rN+}
   (You found it in the Dungeon)

   [ring of positive energy]

   It protects you from fire.
   It protects you from negative energy.
 T - the amulet "Neleleo" (around neck) {rMut rN++ MR+}
   (You found it in the Dungeon)

   [amulet of resist mutation]

   It protects you from mutation.
   It greatly protects you from negative energy.
   It affects your resistance to hostile enchantments.
 U - the ring of Tolaish (right hand) {Ice Str+9}
   (You took it off an orc in the Dungeon)

   [ring of ice]

   It enhances your ice magic, and weakens your fire magic.
   It affects your strength (+9).
   It makes you vulnerable to fire.
   It protects you from cold.
 Z - the amulet "Zuwoahiph" {+Blink +Rage rF- rC+ Dex+7}
   (You found it in the Dungeon)

   [amulet of rage]

   It affects your dexterity (+7).
   It makes you vulnerable to fire.
   It protects you from cold.
   It lets you blink.
   It lets you go berserk.
Magical devices
 A - a wand of fire (5)
 B - a wand of cold (5)
 I - a wand of heal wounds (5)
Scrolls
 k - 4 scrolls of blinking
 r - 4 scrolls of amnesia
 s - 4 scrolls of recharging
 t - 8 scrolls of fog
 u - 5 scrolls of identify
 v - 4 scrolls of remove curse
 w - 2 scrolls of fear
 R - 10 scrolls of enchant armour
Potions
 e - 5 potions of might
 f - 10 potions of curing
 g - 11 potions of heal wounds
 h - 12 potions of haste
 i - 7 potions of magic
 j - 2 potions of berserk rage
 l - a potion of brilliance
 m - 2 potions of invisibility
 n - 2 potions of restore abilities
 o - 4 potions of resistance
 q - 5 potions of agility
Books
 F - a book of the Warp

   Spells                             Type                      Level
   a - Recall                         Summoning/Translocation      3
   b - Control Teleport               Charms/Translocation         4
   c - Force Lance                    Conjuration/Translocation    4
   d - Phase Shift                    Translocation                5
   e - Warp Weapon                    Charms/Translocation         5
   f - Gell's Gravitas                Hexes/Translocation          5
   g - Summon Forest                  Summoning/Translocation      5
 X - a book of the Earth

   Spells                             Type                      Level
   a - Leda's Liquefaction            Hexes/Earth                  4
   b - Bolt of Magma                  Conjuration/Fire/Earth       5
   c - Statue Form                    Transmutation/Earth          6
   d - Iron Shot                      Conjuration/Earth            6
   e - Shatter                        Earth                        9
Miscellaneous
 a - a phial of floods
 p - a crystal ball of energy
 y - a lamp of fire
 O - a legendary deck of defence
 S - a legendary deck of defence
Comestibles
 d - 5 bread rations
 x - 42 fruits
 z - 2 meat rations


   Skills:
 O Level 27 Fighting
 - Level 19.3 Axes
 + Level 26.1 Armour
 - Level 11.1 Dodging
 - Level 15.1 Shields
 - Level 16.2 Spellcasting
 - Level 11.0 Hexes
 - Level 17.7 Charms
 + Level 23.5 Air Magic
 O Level 27 Invocations
 - Level 14.6 Evocations


You had 9 spell levels left.
You knew the following spells:

 Your Spells              Type           Power        Failure   Level  Hunger
a - Song of Slaying       Chrm           ######..     0%          2    None
b - Regeneration          Chrm/Necr      ####......   1%          3    None
c - Spectral Weapon       Hex/Chrm       #####...     1%          3    None
d - Stoneskin             Trmt/Erth      #.......     21%         2    None
e - Deflect Missiles      Chrm/Air       ######....   1%          6    ######.
f - Haste                 Chrm           ######..     1%          6    ######.
g - Silence               Hex/Air        ######....   1%          5    #####..
h - Tornado               Air            ######....   88%         9    #######
i - Cigotuvi's Embrace    Necr           #.........   100%        5    #####..


Dungeon Overview and Level Annotations

Branches:
Dungeon (1/1)

Altars:
Ashenzari
Cheibriados
Dithmenos
Elyvilon
Fedhas
Gozag
Kikubaaqudgha
Makhleb
Nemelex Xobeh
Okawaru
Qazlal
Ru
Sif Muna
Trog
Vehumet
Xom
Yredelemnul
Zin
The Shining One
Beogh
Jiyva
Lugonu


Innate Abilities, Weirdness & Mutations

You have hooves in place of feet.
You are completely covered in molten scales (AC +4, EV -1, rF+).
You emit a foul stench.
You are significantly more attuned to the shadows.
You are immune to rotting.


Message History

You start waiting.
A sixfirhy comes into view.
There are no items here.
There are no items here.
There are no items here.
There are no items here.
Visions of slaying the sixfirhy flood into your mind.
The sixfirhy is engulfed in freezing vapours.
You block the sixfirhy's attack.
GONNNNG!
The sixfirhy hits you but does no damage. x2
You cut the sixfirhy into ribbons!!!
You break out of your daze!
You kill the sixfirhy!
Qazlal accepts your kill.
Your phial of floods has recharged.
You start waiting.
A daeva comes into view.
It is wielding an eudemon blade of holy wrath.
Visions of slaying the daeva flood into your mind.
You have escaped!

....†.†††...▓..▓.......▓..▓...8©8
.†....†.....▓.▓.▓.....▓.▓.▓..=)|§
†.)..††.....▓..▓.......▓..▓..:[))
............▓.............▓....§§
.....†......▓.............▓......
............▓▓▓▓▓▓▓▓▓▓▓▓▓▓▓..†§..
............▓8888888888888▓......
▓.......▓...▓8...A.......8▓..▓...
.......≈....▓8§§@§§......8▓......
............▓8...........8▓......
............▓8888888888888▓▓▓▓▓▓▓
▓▓▓▓▓▓▓▓▓▓▓▓▓▓▓▓▓▓▓▓▓▓▓▓▓▓▓▓▓▓▓▓▓
....}8©8........▓........8©8.....
)}[}..§§[:}|:||.▓.:.})})§)))[[\.}
.)})§)[}).:)}|).▓.)[=:[[:}§§=}[|}
.[:.=:)§|)?=|}|.▓.\§.=)|.:=§="|))
......).....[...▓.........[})....


You could see a daeva.

Vanquished Creatures
  2 pandemonium lords (D)
  An ancient lich (D)
  2 shard shrikes (shapeshifter) (D)
  A lich (D)
  A tentacled monstrosity (D)
  8 quicksilver dragons (D)
  An Orb Guardian (D)
  3 Shadow Fiends (D)
  A tentacled starspawn (D)
  A sphinx (shapeshifter) (D)
  18 shadow dragons (D)
  2 draconian monks (D)
  A fire giant (shapeshifter) (D)
  4 iron dragons (D)
  5 draconian scorchers (D)
  2 draconian zealots (D)
  5 orc warlords (D)
  19 ghouls (D)
  2 draconian annihilators (D)
  2 vampire knights (D)
  3 reapers (D)
  A draconian caller (D)
  2 black draconians (D)
  2 grey draconians (D)
  12 stone giants (D)
  4 white draconians (D)
  4 yellow draconians (D)
  3 green draconians (D)
  7 red draconians (D)
  8 mottled draconians (D)
  A purple draconian (D)
  7 pale draconians (D)
  4 fire dragons (D)
  7 crystal guardians (D)
  10 vault guards (D)
  A jiangshi (D)
  A great orb of eyes (shapeshifter) (D)
  4 hydras (D)
  5 ice dragons (D)
  2 ghost crabs (shapeshifter) (D)
  2 ice dragons (shapeshifter) (D)
  5 vampire magi (D)
  2 thrashing horrors (D)
  A hell hog (D)
  2 orc high priests (D)
  4 sun demons (D)
  8 iron golems (D)
  20 soul eaters (D)
  A fire crab (shapeshifter) (D)
  5 skeletal warriors (D)
  A death drake (D)
  9 ice devils (D)
  A giant orange brain (D)
  A swamp dragon (D)
  A giant orange brain (shapeshifter) (D)
  A shadow demon (D)
  2 starcursed masses (D)
  5 orc knights (D)
  2 swamp dragons (shapeshifter) (D)
  2 deep trolls (shapeshifter) (D)
  A mana viper (shapeshifter) (D)
  A lindwurm (shapeshifter) (D)
  4 orc sorcerers (D)
  2 shining eyes (D)
  A glowing shapeshifter (D)
  6 necromancers (D)
  A hornet (shapeshifter) (D)
  5 draconian zombies (D)
  A manticore (shapeshifter) (D)
  A moth of wrath (shapeshifter) (D)
  3 ugly things (D)
  3 wolf spiders (D)
  A worldbinder (D)
  2 cyclopes (shapeshifter) (D)
  4 sixfirhies (D)
  An apocalypse crab (D)
  A spiny frog (shapeshifter) (D)
  2 water elementals (D)
  A guardian serpent (shapeshifter) (D)
  A torpor snail (shapeshifter) (D)
  8 smoke demons (D)
  A rust devil (D)
  A purple draconian zombie (D)
  5 gargoyles (D)
  A white draconian zombie (D)
  2 red draconian zombies (D)
  2 black mambas (D)
  3 orange demons (D)
  A yellow draconian zombie (D)
  A black draconian zombie (D)
  2 green draconian zombies (D)
  A hellion (D)
  A pale draconian zombie (D)
  A hellwing (D)
  A tormentor (D)
  3 freezing wraiths (D)
  2 yaktaurs (D)
  A fire drake (D)
  2 red devils (D)
  A jumping spider (shapeshifter) (D)
  2 ancient zymes (D)
  A wind drake (shapeshifter) (D)
  3 blue devils (D)
  A jumping spider (D)
  A wind drake (D)
  2 merfolk (D)
  A raiju (shapeshifter) (D)
  A slime creature (D)
  3 flying skulls (D)
  A basilisk (D)
  3 redbacks (D)
  A trapdoor spider (shapeshifter) (D)
  3 ynoxinuls (D)
  11 shadows (D)
  8 fire elementals (D)
  A wyvern (shapeshifter) (D)
  6 vampires (D)
  A yak (D)
  3 hippogriffs (D)
  4 chaos spawn (D)
  2 steam dragons (D)
  A yak (shapeshifter) (D)
  3 neqoxecs (D)
  2 wyverns (D)
  A mottled dragon (D)
  A hippogriff (shapeshifter) (D)
  A naga (D)
  A swamp drake (shapeshifter) (D)
  6 water moccasins (D)
  A porcupine (D)
  2 swamp drakes (D)
  A spider (D)
  A sky beast (D)
  An ogre (D)
  An orc warrior (D)
  2 ice beasts (D)
  A black bear (D)
  3 small abominations (D)
  A boring beetle (D)
  A phantom (D)
  7 large abominations (D)
  An eye of draining (D)
  6 necrophages (D)
  A centaur (D)
  An apocalypse crab zombie (D)
  A crocodile (D)
  5 earth elementals (D)
  3 giant frogs (D)
  7 wights (D)
  3 jellies (D)
  2 crimson imps (D)
  A hound (D)
  An iguana (D)
  2 iron imps (D)
  3 orc wizards (D)
  A quasit (D)
  3 sheep (D)
  An adder (D)
  A river rat (D)
  A giant mite (D)
  2 shadow imps (D)
  2 white imps (D)
  10 ufetubi (D)
  14 adder zombies (D)
  12 adder skeletons (D)
  An ooze (D)
  14 orcs (D)
  3 ball pythons (D)
  A bat (D)
  11 bat skeletons (D)
  14 bat zombies (D)
  A jackal (D)
  A quokka (D)
  A ball python skeleton (D)
  6 giant cockroach zombies (D)
  3 giant gecko skeletons (D)
  2 giant gecko zombies (D)
  A giant newt (D)
  3 jackal skeletons (D)
  2 jackal zombies (D)
  3 orc zombies (D)
  4 quokka skeletons (D)
578 creatures vanquished.

Vanquished Creatures (collateral kills)
  A Brimstone Fiend (D)
  A shadow dragon (D)
  A cacodemon (D)
  A draconian shifter (D)
  2 vampire knights (D)
  A draconian caller (D)
  A black draconian (D)
  A green draconian (D)
  A pale draconian (D)
  A purple draconian (D)
  A vampire mage (D)
  A soul eater (D)
  A black mamba (D)
  A guardian serpent (shapeshifter) (D)
  A red draconian zombie (D)
  A grey draconian zombie (D)
  A snapping turtle (shapeshifter) (D)
  A ynoxinul (D)
  A fire elemental (D)
  A shadow (D)
  A neqoxec (D)
  A water moccasin (D)
  2 necrophages (D)
  A scorpion (D)
  A wight (D)
  An adder (D)
  An adder zombie (D)
  A bat skeleton (D)
  3 bat zombies (D)
  A ball python skeleton (D)
  A jackal skeleton (D)
35 creatures vanquished.

Vanquished Creatures (others)
  A draconian knight (D)
  A draconian shifter (D)
  A yellow draconian (D)
  A red draconian (D)
  2 sun demons (D)
  3 spatial maelstroms (D)
  3 ice devils (D)
  A sixfirhy (D)
  An orange demon (D)
  A smoke demon (D)
  7 fire elementals (D)
  A mottled draconian zombie (D)
  A wind drake (shapeshifter) (D)
  A red devil (D)
  5 water elementals (D)
  2 chaos spawn (D)
  3 ynoxinuls (D)
  An air elemental (D)
  2 neqoxecs (D)
  4 ufetubi (D)
  A bat skeleton (D)
43 creatures vanquished.

Grand Total: 656 creatures vanquished

Notes
Turn   | Place    | Note
--------------------------------------------------------------
     0 | D        | Crauler, the Demonspawn Fighter, began the quest for the Orb.
     0 | D        | Reached XP level 1. HP: 18/18 MP: 1/1
     0 | D        | Found a corrupted altar of Lugonu.
     0 | D        | Found a viscous altar of Jiyva.
     0 | D        | Found a white marble altar of Elyvilon.
     0 | D        | Found a burning altar of Makhleb.
     0 | D        | Found an iron altar of Okawaru.
     0 | D        | Banished a spatial maelstrom
     2 | D        | Found a sparkling altar of Nemelex Xobeh.
     2 | D        | Found a basalt altar of Yredelemnul.
     2 | D        | Found a deep blue altar of Sif Muna.
     2 | D        | Found a radiant altar of Vehumet.
     8 | D        | Found a bloodstained altar of Trog.
    15 | D        | Banished a spatial maelstrom
    38 | D        | Banished a spatial maelstrom
    49 | D        | Found a shimmering altar of Xom.
    72 | D        | Reached skill level 4 in Fighting
    72 | D        | Gained mutation: You are immune to rotting. [demonic ancestry]
    72 | D        | Reached XP level 2. HP: 23/25 MP: 2/4
    82 | D        | Became a worshipper of Qazlal Stormbringer
    92 | D        | Entered arena 1.
    92 | D        | Noticed an orc wizard
    95 | D        | Killed an orc wizard
    95 | D        | Reached XP level 3. HP: 28/31 MP: 5/5
   116 | D        | Entered arena 2.
   116 | D        | Noticed a hell hog
   116 | D        | Noticed a fire elemental
   116 | D        | Noticed a fire elemental
   122 | D        | Killed a fire elemental
   122 | D        | Reached skill level 5 in Fighting
   122 | D        | Reached skill level 6 in Axes
   122 | D        | Reached skill level 5 in Armour
   122 | D        | Reached skill level 5 in Shields
   122 | D        | Gained mutation: You are partially covered in molten scales (AC +1). [demonic ancestry]
   122 | D        | Reached XP level 4. HP: 40/40 MP: 7/7
   122 | D        | Gained mutation: You have large cloven feet. [demonic ancestry]
   122 | D        | Reached XP level 5. HP: 46/46 MP: 8/8
   122 | D        | Killed a fire elemental
   122 | D        | Reached skill level 8 in Axes
   122 | D        | Reached XP level 6. HP: 53/53 MP: 10/10
   123 | D        | Killed a hell hog
   123 | D        | Acquired Qazlal's first power
   123 | D        | Reached skill level 10 in Axes
   123 | D        | Reached XP level 7. HP: 62/62 MP: 11/11
   136 | D        | Got the +7 plate armour "Tutoast" {-Tele rF+++ Int-2 Slay+2}
   168 | D        | Entered arena 3.
   168 | D        | Noticed a necrophage
   168 | D        | Noticed a phantom
   175 | D        | Killed a necrophage
   175 | D        | Acquired Qazlal's second power
   177 | D        | Killed a phantom
   177 | D        | Reached XP level 8. HP: 67/69 MP: 13/13
   188 | D        | Got the ring of Terra Nullius {Ice Str-3 Int+6}
   190 | D        | Entered arena 4.
   190 | D        | Noticed a giant frog
   190 | D        | Noticed a giant frog
   192 | D        | Killed a giant frog
   192 | D        | Killed a giant frog
   192 | D        | Acquired Qazlal's third power
   210 | D        | Entered arena 5.
   210 | D        | Noticed a crimson imp
   210 | D        | Noticed a crimson imp
   210 | D        | Noticed a quasit
   210 | D        | Noticed an iron imp
   213 | D        | Killed a quasit
   213 | D        | Killed an iron imp
   213 | D        | Reached skill level 5 in Invocations
   214 | D        | Killed a crimson imp
   214 | D        | Acquired Qazlal's fourth power
   217 | D        | Killed a crimson imp
   217 | D        | Reached skill level 1 in Evocations
   221 | D        | Got the ring "Xemoab" {rPois rN+ Stlth-}
   224 | D        | Got the ring of the Snail {rF+ SInv}
   229 | D        | Got the +6 eveningstar "Chaujutt" {flame, Str+5}
   231 | D        | Entered arena 6.
   231 | D        | Noticed a naga
   231 | D        | Noticed a water moccasin
   231 | D        | Noticed a water moccasin
   231 | D        | Noticed a water moccasin
   234 | D        | Killed a water moccasin
   235 | D        | Killed a water moccasin
   235 | D        | Acquired Qazlal's fifth power
   235 | D        | Reached skill level 11 in Axes
   235 | D        | Killed a water moccasin
   238 | D        | Killed a naga
   257 | D        | Entered arena 7.
   257 | D        | Noticed a water moccasin
   257 | D        | Noticed a black mamba
   257 | D        | Noticed a water moccasin
   257 | D        | Noticed a black mamba
   261 | D        | Killed a black mamba
   261 | D        | Gained mutation: You have hoof-like feet. [demonic ancestry]
   261 | D        | Reached XP level 9. HP: 70/76 MP: 20/20
   264 | D        | Killed a water moccasin
   264 | D        | Killed a water moccasin
   266 | D        | Killed a black mamba
   532 | D        | Entered arena 8.
   532 | D        | Noticed a hippogriff
   532 | D        | Noticed a hippogriff
   532 | D        | Noticed a merfolk
   532 | D        | Noticed a merfolk
   532 | D        | Noticed a centaur
   537 | D        | Killed a hippogriff
   539 | D        | Killed a hippogriff
   539 | D        | Killed a merfolk
   539 | D        | Reached skill level 12 in Axes
   539 | D        | Reached skill level 5 in Evocations
   546 | D        | Killed a merfolk
   546 | D        | Reached skill level 10 in Invocations
   549 | D        | Killed a centaur
   571 | D        | Entered arena 9.
   571 | D        | Noticed a jelly
   571 | D        | Noticed a slime creature
   571 | D        | Noticed a jelly
   571 | D        | Noticed an eye of draining
   571 | D        | Noticed a shining eye
   571 | D        | Noticed a jelly
   571 | D        | Noticed a shining eye
   573 | D        | Killed a shining eye
   573 | D        | Reached skill level 10 in Fighting
   573 | D        | Killed a jelly
   573 | D        | Killed a shining eye
   573 | D        | Gained mutation: You are mostly covered in molten scales (AC +3, EV -1). [demonic ancestry]
   573 | D        | Reached XP level 10. HP: 80/85 MP: 18/24
   576 | D        | Killed a jelly
   577 | D        | Killed a jelly
   578 | D        | Killed a slime creature
   580 | D        | Killed an eye of draining
   647 | D        | Entered arena 10.
   647 | D        | Noticed a jumping spider
   647 | D        | Noticed a redback
   647 | D        | Noticed a wolf spider
   647 | D        | Noticed a scorpion
   647 | D        | Noticed a redback
   647 | D        | Noticed a redback
   647 | D        | Noticed a wolf spider
   647 | D        | Noticed a wolf spider
   650 | D        | Killed a wolf spider
   653 | D        | Killed a redback
   653 | D        | Killed a wolf spider
   654 | D        | Killed a wolf spider
   654 | D        | Reached skill level 13 in Axes
   654 | D        | Killed a redback
   655 | D        | Killed a scorpion
   655 | D        | Reached skill level 10 in Armour
   656 | D        | Killed a redback
   658 | D        | Killed a jumping spider
   673 | D        | Got the ring of the Raven {-Cast MR+ EV+2 Int+3 Dex+4}
   686 | D        | Entered arena 11.
   686 | D        | Noticed an orc warlord
   686 | D        | Noticed an orc wizard
   686 | D        | Noticed an orc sorcerer
   690 | D        | Killed an orc wizard
   690 | D        | Reached skill level 10 in Shields
   692 | D        | Noticed a soul eater
   693 | D        | Noticed a rust devil
   698 | D        | Killed an orc sorcerer
   704 | D        | Killed an orc warlord
   704 | D        | Gained mutation: You have hooves in place of feet. [demonic ancestry]
   704 | D        | Reached XP level 11. HP: 75/93 MP: 20/27
   729 | D        | Identified the Catalogue of Summoning (You found it in the Dungeon)
   734 | D        | Learned a level 2 spell: Song of Slaying
   738 | D        | Learned a level 3 spell: Regeneration
   742 | D        | Learned a level 3 spell: Spectral Weapon
   743 | D        | Entered arena 12.
   743 | D        | Noticed a slime creature
   743 | D        | Noticed a water nymph
   743 | D        | Noticed a green ugly thing
   743 | D        | Noticed a snapping turtle
   743 | D        | Noticed a cyan ugly thing
   743 | D        | Noticed a slime creature
   743 | D        | Noticed a snapping turtle
   743 | D        | Noticed an ice dragon
   744 | D        | Noticed a moth of wrath
   744 | D        | Noticed a cyclops
   744 | D        | a slime creature changed into a torpor snail
   744 | D        | a water nymph changed into a moth of wrath
   744 | D        | Noticed a death drake
   744 | D        | a snapping turtle changed into a death drake
   744 | D        | Noticed an ice dragon
   744 | D        | a slime creature changed into an ice dragon
   745 | D        | Noticed a red ugly thing
   745 | D        | a moth of wrath changed into a manticore
   745 | D        | a snapping turtle changed into an eye of devastation
   746 | D        | a death drake changed into a wind drake
   747 | D        | Killed a cyclops
   747 | D        | Killed a green ugly thing
   747 | D        | Reached skill level 14 in Invocations
   747 | D        | Killed a red ugly thing
   747 | D        | Killed an ice dragon
   747 | D        | Killed an ice dragon
   747 | D        | Reached skill level 15 in Invocations
   748 | D        | Killed a cyan ugly thing
   751 | D        | Noticed an anaconda
   751 | D        | a merfolk changed into an anaconda
   752 | D        | an anaconda changed into a torpor snail
   767 | D        | Identified the Compendium of Abstinence (You found it in the Dungeon)
   896 | D        | Entered arena 13.
   896 | D        | Noticed a black draconian
   896 | D        | Noticed a tentacled monstrosity
   896 | D        | Noticed an Orb Guardian
   897 | D        | Noticed a green draconian
   897 | D        | Noticed a mottled draconian
   897 | D        | Noticed a fire dragon
   898 | D        | Noticed a pale draconian
   898 | D        | Noticed a green draconian
   899 | D        | Noticed a black draconian caller
   899 | D        | Noticed a pale draconian
   899 | D        | Killed a fire dragon
   899 | D        | Killed a green draconian
   900 | D        | Noticed a pale draconian
   900 | D        | Noticed a purple draconian
   902 | D        | Killed an Orb Guardian
   902 | D        | Reached skill level 15 in Axes
   902 | D        | Reached skill level 16 in Invocations
   902 | D        | Gained mutation: You emit a foul stench. [demonic ancestry]
   902 | D        | Reached XP level 12. HP: 102/102 MP: 18/30
   904 | D        | Killed a tentacled monstrosity
   904 | D        | Reached skill level 10 in Evocations
   907 | D        | Killed a mottled draconian
   907 | D        | Reached skill level 17 in Invocations
   907 | D        | Killed a black draconian
   912 | D        | Killed a black draconian caller
   914 | D        | Killed a green draconian
   919 | D        | Killed a pale draconian
   922 | D        | Killed a pale draconian
   927 | D        | Killed a purple draconian
   927 | D        | Reached skill level 18 in Invocations
   937 | D        | Killed a pale draconian
   952 | D        | Got the ring "Idion" {Fire Dex+4}
   964 | D        | Identified the Catalogue of the Frostbite (You found it in the Dungeon)
  1165 | D        | Entered arena 14.
  1165 | D        | Noticed an ice dragon
  1165 | D        | Noticed an ice dragon
  1166 | D        | Noticed an ice beast
  1166 | D        | Noticed an ice beast
  1166 | D        | Noticed a freezing wraith
  1166 | D        | Noticed a wight
  1167 | D        | Noticed an ice devil
  1167 | D        | Killed an ice beast
  1168 | D        | Noticed an ice devil
  1168 | D        | Noticed a freezing wraith
  1168 | D        | Killed an ice dragon
  1168 | D        | Killed an ice beast
  1168 | D        | Killed a wight
  1168 | D        | Killed a freezing wraith
  1168 | D        | Killed an ice devil
  1174 | D        | Killed an ice dragon
  1175 | D        | Killed a freezing wraith
  1176 | D        | Killed an ice devil
  1185 | D        | Got the amulet "Zuwoahiph" {+Blink +Rage rF- rC+ Dex+7}
  1207 | D        | Identified the Collected Works on Conjuration (You found it in the Dungeon)
  1357 | D        | Entered arena 15.
  1357 | D        | Noticed a six-headed hydra
  1357 | D        | Noticed a hound
  1358 | D        | Noticed a water moccasin
  1358 | D        | Noticed a water moccasin
  1358 | D        | Noticed a basilisk
  1358 | D        | Noticed a crocodile
  1358 | D        | Noticed a hippogriff
  1358 | D        | Noticed a yak
  1358 | D        | Noticed a black mamba
  1358 | D        | Noticed a black bear
  1358 | D        | Noticed a porcupine
  1359 | D        | Noticed an iguana
  1359 | D        | Noticed a giant frog
  1360 | D        | Killed a black bear
  1360 | D        | Reached XP level 13. HP: 111/111 MP: 32/32
  1360 | D        | Killed a porcupine
  1360 | D        | Killed a basilisk
  1360 | D        | Killed a crocodile
  1360 | D        | Killed a water moccasin
  1361 | D        | Killed a hippogriff
  1361 | D        | Killed an iguana
  1361 | D        | Killed a giant frog
  1361 | D        | Killed a yak
  1361 | D        | Reached skill level 19 in Invocations
  1361 | D        | Killed a hound
  1364 | D        | Killed a black mamba
  1364 | D        | Killed an eight-headed hydra
  1365 | D        | Killed a water moccasin
  1406 | D        | Got the ring of the Magpie {rF+ rN+}
  1420 | D        | Entered arena 16.
  1422 | D        | Noticed a vault guard
  1422 | D        | Noticed a stone giant
  1422 | D        | Noticed a vault guard
  1422 | D        | Noticed a shadow dragon
  1422 | D        | Noticed a vault guard
  1423 | D        | Noticed a shadow dragon
  1423 | D        | Noticed a vault guard
  1423 | D        | Noticed a vault guard
  1423 | D        | Noticed a vault guard
  1423 | D        | Noticed a yaktaur
  1423 | D        | Noticed a yaktaur
  1423 | D        | Noticed a vault guard
  1424 | D        | Noticed a vault guard
  1424 | D        | Noticed a vault guard
  1424 | D        | Noticed a vault guard
  1426 | D        | Killed a stone giant
  1426 | D        | Killed a vault guard
  1426 | D        | Killed a vault guard
  1426 | D        | Killed a yaktaur
  1426 | D        | Killed a yaktaur
  1426 | D        | Killed a vault guard
  1426 | D        | Killed a vault guard
  1426 | D        | Killed a vault guard
  1426 | D        | Killed a vault guard
  1426 | D        | Reached skill level 20 in Invocations
  1426 | D        | Killed a vault guard
  1426 | D        | Killed a vault guard
  1426 | D        | Killed a vault guard
  1429 | D        | Killed a vault guard
  1430 | D        | Killed a shadow dragon
  1431 | D        | Killed a shadow dragon
  1441 | D        | Got the ring "Shroxyeck" {rC+ rN+ Int+4 Dex-5}
  1473 | D        | Entered arena 17.
  1475 | D        | Noticed a four-headed hydra
  1475 | D        | Noticed a swamp dragon
  1475 | D        | Noticed a swamp drake
  1476 | D        | Noticed a mottled dragon
  1476 | D        | Noticed a fire dragon
  1476 | D        | Noticed an ice dragon
  1476 | D        | Noticed a fire dragon
  1476 | D        | Noticed an ice dragon
  1476 | D        | Noticed a steam dragon
  1476 | D        | Noticed a fire dragon
  1476 | D        | Noticed a steam dragon
  1476 | D        | Noticed a death drake
  1476 | D        | Noticed a fire drake
  1476 | D        | Noticed a wyvern
  1476 | D        | Noticed a wyvern
  1477 | D        | Noticed a six-headed hydra
  1477 | D        | Noticed an ice dragon
  1478 | D        | Noticed a six-headed hydra
  1478 | D        | Killed a wyvern
  1481 | D        | Killed a wyvern
  1481 | D        | Reached skill level 1 in Charms
  1483 | D        | Killed an eight-headed hydra
  1483 | D        | Reached skill level 1 in Dodging
  1483 | D        | Reached skill level 21 in Invocations
  1484 | D        | Killed an ice dragon
  1485 | D        | Killed a swamp dragon
  1485 | D        | Killed a swamp drake
  1485 | D        | Killed a fire drake
  1485 | D        | Killed a steam dragon
  1486 | D        | Killed a fire dragon
  1486 | D        | Killed a death drake
  1488 | D        | Killed an eight-headed hydra
  1490 | D        | Killed an ice dragon
  1490 | D        | Reached XP level 14. HP: 58/120 MP: 27/35
  1490 | D        | Killed a mottled dragon
  1490 | D        | Killed a ten-headed hydra
  1490 | D        | Reached skill level 5 in Dodging
  1490 | D        | Reached skill level 5 in Charms
  1491 | D        | Killed a fire dragon
  1492 | D        | Killed an ice dragon
  1492 | D        | Killed a steam dragon
  1493 | D        | Killed a fire dragon
  1535 | D        | Identified The Tome of Greatest Risks and Utility (You found it in the Dungeon)
  1752 | D        | Entered arena 18.
  1754 | D        | Noticed a soul eater
  1755 | D        | Noticed a ghoul
  1755 | D        | Noticed a soul eater
  1755 | D        | Noticed a soul eater
  1755 | D        | Noticed a shadow dragon
  1755 | D        | Noticed a shadow dragon
  1756 | D        | Noticed a ghoul
  1756 | D        | Noticed a ghoul
  1756 | D        | Noticed a soul eater
  1756 | D        | Noticed a soul eater
  1757 | D        | Noticed a soul eater
  1757 | D        | Killed a shadow dragon
  1757 | D        | Reached skill level 1 in Spellcasting
  1757 | D        | Reached skill level 22 in Invocations
  1757 | D        | Killed a soul eater
  1757 | D        | Killed a soul eater
  1757 | D        | Killed a soul eater
  1757 | D        | Killed a soul eater
  1757 | D        | Killed a soul eater
  1757 | D        | Killed a shadow dragon
  1757 | D        | Killed a ghoul
  1757 | D        | Killed a ghoul
  1757 | D        | Reached skill level 23 in Invocations
  1757 | D        | Killed a ghoul
  1762 | D        | Killed a soul eater
  1766 | D        | Got the ring of Crihuk {rC+ MR+}
  1773 | D        | Got the ring of Vulat {rN+ Str+2}
  1785 | D        | Got the amulet "Sumeplul" {Spirit rElec Dex-2 SInv}
  1792 | D        | Identified Etiq's Catalogue of Boosting Orientation (You found it in the Dungeon)
  1804 | D        | Entered arena 19.
  1805 | D        | Noticed a vampire
  1805 | D        | Noticed a vampire mage
  1808 | D        | Noticed a necromancer
  1808 | D        | Noticed a vampire knight
  1808 | D        | Noticed a necrophage
  1808 | D        | Noticed a skeletal warrior
  1808 | D        | Noticed a shadow
  1809 | D        | Noticed a wight
  1809 | D        | Noticed a shadow
  1809 | D        | Noticed a necromancer
  1809 | D        | Noticed a necromancer
  1810 | D        | Noticed a shadow
  1810 | D        | Noticed a vampire
  1810 | D        | Noticed a shadow
  1810 | D        | Noticed a lich
  1812 | D        | Noticed a vampire mage
  1812 | D        | Noticed a wight
  1812 | D        | Killed a vampire mage
  1815 | D        | Killed a shadow
  1816 | D        | Killed a necromancer
  1817 | D        | Killed a necrophage
  1817 | D        | Killed a shadow
  1817 | D        | Reached skill level 5 in Spellcasting
  1818 | D        | Killed a lich
  1818 | D        | Reached skill level 10 in Dodging
  1818 | D        | Reached skill level 10 in Charms
  1819 | D        | Killed a vampire
  1820 | D        | Killed a shadow
  1822 | D        | Killed a shadow
  1823 | D        | Killed a vampire knight
  1824 | D        | Killed a skeletal warrior
  1824 | D        | Reached skill level 24 in Invocations
  1825 | D        | Killed a wight
  1825 | D        | Killed a vampire
  1826 | D        | Killed a wight
  1827 | D        | Killed a necromancer
  1827 | D        | Killed a necromancer
  1830 | D        | Killed a vampire mage
  1830 | D        | Reached skill level 15 in Shields
  1870 | D        | Learned a level 2 spell: Stoneskin
  1875 | D        | Identified Xyetysim's Volume of Hurtful Fire (You found it in the Dungeon)
  1922 | D        | Entered arena 20.
  1925 | D        | Noticed an orc knight
  1925 | D        | Noticed an orc high priest
  1926 | D        | Noticed a stone giant
  1926 | D        | Noticed an orc sorcerer
  1926 | D        | Noticed an orc knight
  1926 | D        | Noticed an orc warlord
  1926 | D        | Noticed an orc wizard
  1926 | D        | Noticed an orc knight
  1926 | D        | Noticed an orc knight
  1926 | D        | Noticed an orc warrior
  1926 | D        | Noticed a stone giant
  1926 | D        | Noticed an orc warlord
  1927 | D        | Killed an orc sorcerer
  1927 | D        | Killed an orc wizard
  1927 | D        | Killed an orc warrior
  1928 | D        | Noticed an orc warlord
  1928 | D        | Noticed an orc knight
  1928 | D        | Noticed an ogre
  1928 | D        | Noticed an orc warlord
  1928 | D        | Noticed an orc high priest
  1928 | D        | Noticed an orc sorcerer
  1928 | D        | Noticed a stone giant
  1929 | D        | Killed an ogre
  1929 | D        | Killed an orc high priest
  1929 | D        | Killed an orc high priest
  1933 | D        | Killed an orc knight
  1935 | D        | Killed an orc sorcerer
  1935 | D        | Killed an orc knight
  1936 | D        | Killed a stone giant
  1936 | D        | Killed an orc warlord
  1937 | D        | Killed an orc knight
  1939 | D        | Killed an orc warlord
  1939 | D        | Reached skill level 25 in Invocations
  1939 | D        | Killed an orc warlord
  1939 | D        | Reached XP level 15. HP: 126/126 MP: 26/37
  1940 | D        | Killed an orc warlord
  1941 | D        | Killed an orc knight
  1943 | D        | Killed an orc knight
  1944 | D        | Killed a stone giant
  1945 | D        | Killed a stone giant
  1947 | D        | Got the ring of Lady Luck {+Inv rC+ MR+ SInv Stlth-}
  1950 | D        | Got the ring of Tolaish {Ice Str+9}
  1992 | D        | Identified Cigotuvi's Handbook of Black Rites (You found it in the Dungeon)
  2000 | D        | Learned a level 6 spell: Deflect Missiles
  2007 | D        | Learned a level 6 spell: Haste
  2013 | D        | Learned a level 5 spell: Silence
  2017 | D        | Identified Cigotuvi's Handbook of Black Rites (You found it in the Dungeon)
  2021 | D        | Identified Sif Muna's Handbook of Clay (You found it in the Dungeon)
  2028 | D        | Entered arena 21.
  2031 | D        | Noticed an elf
  2031 | D        | Noticed an anubis guard
  2031 | D        | Noticed a shard shrike
  2031 | D        | Noticed a titan
  2031 | D        | a shard shrike changed into a titan
  2032 | D        | Noticed a cyclops
  2032 | D        | Noticed a moth of wrath
  2032 | D        | Noticed a spiny frog
  2032 | D        | Noticed an elephant
  2032 | D        | Noticed an anubis guard
  2032 | D        | Noticed a glowing shapeshifter
  2032 | D        | Noticed a fire crab
  2032 | D        | Noticed a redback
  2032 | D        | Noticed a faun
  2032 | D        | an anubis guard changed into a deep troll
  2032 | D        | a glowing shapeshifter changed into a great orb of eyes
  2032 | D        | a faun changed into a shining eye
  2032 | D        | an anubis guard changed into a shining eye
  2032 | D        | Noticed a caustic shrike
  2032 | D        | a titan changed into a caustic shrike
  2032 | D        | a spiny frog changed into a hornet
  2033 | D        | Noticed a yak
  2033 | D        | Noticed a giant orange brain
  2033 | D        | Noticed a glowing shapeshifter
  2033 | D        | Noticed a titan
  2033 | D        | Noticed a trapdoor spider
  2033 | D        | Noticed a boulder beetle
  2033 | D        | Noticed a ghost crab
  2033 | D        | Noticed a deep troll
  2033 | D        | a giant orange brain changed into a cyclops
  2033 | D        | a boulder beetle changed into a giant orange brain
  2033 | D        | a glowing shapeshifter changed into a wyvern
  2033 | D        | a cyclops changed into a tarantella
  2033 | D        | Noticed a shard shrike
  2033 | D        | a titan changed into a shard shrike
  2033 | D        | an elf changed into a raiju
  2033 | D        | Noticed a golden dragon
  2033 | D        | a caustic shrike changed into a golden dragon
  2034 | D        | Noticed a wind drake
  2034 | D        | Noticed a shard shrike
  2034 | D        | Noticed a titan
  2034 | D        | Noticed a boring beetle
  2034 | D        | an elephant changed into a ghost crab
  2035 | D        | Killed a yak
  2035 | D        | Killed a trapdoor spider
  2035 | D        | Reached skill level 1 in Air Magic
  2035 | D        | Killed a moth of wrath
  2035 | D        | Reached skill level 26 in Invocations
  2035 | D        | Killed a shard shrike
  2035 | D        | Killed a fire crab
  2035 | D        | a redback changed into a komodo dragon
  2035 | D        | Killed a wind drake
  2036 | D        | Killed a deep troll
  2036 | D        | Killed a ghost crab
  2036 | D        | a golden dragon changed into an iron dragon
  2039 | D        | Killed a shard shrike
  2039 | D        | Reached skill level 15 in Fighting
  2040 | D        | a titan changed into an iron dragon
  2040 | D        | Noticed a shadow dragon
  2040 | D        | an iron dragon changed into a shadow dragon
  2041 | D        | Reached skill level 5 in Air Magic
  2042 | D        | a shadow dragon changed into a fire giant
  2044 | D        | Reached skill level 15 in Armour
  2044 | D        | Reached skill level 10 in Spellcasting
  2044 | D        | Reached skill level 27 in Invocations
  2045 | D        | a boring beetle changed into a spiny frog
  2047 | D        | Noticed a sphinx
  2047 | D        | an iron dragon changed into a sphinx
  2052 | D        | Killed a sphinx
  2060 | D        | Got the ring of Vevvaek {Wiz rElec rF- Str+4}
  2080 | D        | Identified the Disquisition on Assistive Feathers (You found it in the Dungeon)
  2128 | D        | Entered arena 22.
  2134 | D        | Noticed an orc sorcerer
  2135 | D        | Noticed a large abomination
  2135 | D        | Noticed a thrashing horror
  2135 | D        | Noticed a large abomination
  2135 | D        | Noticed a worldbinder
  2135 | D        | Noticed Uxudaill the pandemonium lord
  2135 | D        | Noticed an ancient zyme
  2135 | D        | Noticed a large abomination
  2135 | D        | Noticed a thrashing horror
  2135 | D        | Noticed a large abomination
  2136 | D        | Noticed a rust devil
  2136 | D        | Noticed a large abomination
  2136 | D        | Noticed a starcursed mass
  2136 | D        | Noticed a giant orange brain
  2136 | D        | Noticed a small abomination
  2136 | D        | Noticed Hayzy the pandemonium lord
  2136 | D        | Noticed an apocalypse crab
  2136 | D        | Noticed a small abomination
  2136 | D        | Noticed a large abomination
  2136 | D        | Noticed a large abomination
  2136 | D        | Noticed an ancient zyme
  2136 | D        | Noticed a ynoxinul
  2137 | D        | Noticed a tentacled starspawn
  2139 | D        | Killed a large abomination
  2139 | D        | Killed a small abomination
  2139 | D        | Killed a large abomination
  2139 | D        | Killed a starcursed mass
  2139 | D        | Killed an ancient zyme
  2139 | D        | Killed a starcursed mass
  2139 | D        | Killed an apocalypse crab
  2139 | D        | Killed a tentacled starspawn
  2139 | D        | Killed a worldbinder
  2139 | D        | Reached skill level 15 in Charms
  2139 | D        | Killed a large abomination
  2139 | D        | Killed a large abomination
  2139 | D        | Killed a thrashing horror
  2139 | D        | Killed a thrashing horror
  2139 | D        | Killed an orc sorcerer
  2139 | D        | Killed a large abomination
  2139 | D        | Killed a giant orange brain
  2139 | D        | Killed a rust devil
  2139 | D        | Killed a large abomination
  2139 | D        | Killed a large abomination
  2139 | D        | Killed a ynoxinul
  2139 | D        | Killed Uxudaill the pandemonium lord
  2139 | D        | Gained mutation: You are slightly more attuned to the shadows. [demonic ancestry]
  2139 | D        | Reached XP level 16. HP: 115/138 MP: 39/39
  2148 | D        | Noticed an iron imp
  2148 | D        | Noticed a smoke demon
  2149 | D        | Noticed a sky beast
  2150 | D        | Identified a +5 rod of shadows (5/10)
  2153 | D        | Killed a small abomination
  2156 | D        | Noticed a sixfirhy
  2158 | D        | Killed an ancient zyme
  2159 | D        | Killed a sixfirhy
  2160 | D        | Killed Hayzy the pandemonium lord
  2162 | D        | Killed a sky beast
  2164 | D        | Killed a smoke demon
  2167 | D        | Killed an iron imp
  2181 | D        | Got the ring "Sodud" {rPois rF+ rC+ Int+2}
  2194 | D        | Got the amulet "Neleleo" {rMut rN++ MR+}
  2276 | D        | Learned a level 9 spell: Tornado
  2277 | D        | Entered arena 23.
  2277 | D        | Noticed a vampire knight
  2277 | D        | Noticed a vampire knight
  2277 | D        | Noticed a vampire mage
  2277 | D        | Noticed a vampire knight
  2278 | D        | Noticed a vampire
  2279 | D        | Noticed a vampire
  2279 | D        | Noticed a vampire
  2280 | D        | Noticed a vampire mage
  2280 | D        | Noticed a vampire mage
  2284 | D        | Killed a vampire mage
  2285 | D        | Paralysed by a vampire knight for 5 turns
  2287 | D        | Killed a vampire mage
  2288 | D        | Noticed a shadow
  2289 | D        | Noticed a necromancer
  2289 | D        | Noticed a wight
  2290 | D        | Noticed a shadow
  2290 | D        | Noticed a shadow
  2290 | D        | Noticed a shadow
  2290 | D        | Noticed a necromancer
  2291 | D        | Noticed a necrophage
  2291 | D        | Noticed a shadow
  2291 | D        | Noticed a necromancer
  2291 | D        | Noticed a vampire mage
  2292 | D        | Noticed a necrophage
  2292 | D        | Noticed a wight
  2292 | D        | Killed a vampire knight
  2292 | D        | Killed a vampire knight
  2293 | D        | Noticed a skeletal warrior
  2293 | D        | Killed a wight
  2293 | D        | Killed a shadow
  2293 | D        | Killed a shadow
  2293 | D        | Killed a shadow
  2293 | D        | Killed a shadow
  2293 | D        | Killed a necromancer
  2293 | D        | Killed a wight
  2293 | D        | Killed a shadow
  2293 | D        | Killed a vampire
  2293 | D        | Killed a vampire
  2293 | D        | Killed a necrophage
  2293 | D        | Killed a necrophage
  2293 | D        | Killed a necromancer
  2293 | D        | Killed a skeletal warrior
  2293 | D        | Killed a necromancer
  2293 | D        | Killed a vampire mage
  2295 | D        | Noticed a necrophage
  2295 | D        | Killed a vampire
  2295 | D        | Killed a vampire knight
  2295 | D        | Reached skill level 10 in Air Magic
  2297 | D        | Killed a vampire mage
  2298 | D        | Noticed a wight
  2300 | D        | Noticed a skeletal warrior
  2300 | D        | Noticed a shadow
  2301 | D        | Noticed a skeletal warrior
  2301 | D        | Killed a necrophage
  2302 | D        | Noticed a necrophage
  2306 | D        | Killed a shadow
  2308 | D        | Killed a skeletal warrior
  2312 | D        | Killed a skeletal warrior
  2314 | D        | Killed a wight
  2315 | D        | Killed a necrophage
  2318 | D        | Killed a skeletal warrior
  2471 | D        | Entered arena 24.
  2478 | D        | Noticed an earth elemental
  2478 | D        | Noticed an iron dragon
  2478 | D        | Noticed a gargoyle
  2478 | D        | Noticed a stone giant
  2478 | D        | Noticed a stone giant
  2479 | D        | Noticed an iron dragon
  2479 | D        | Noticed an earth elemental
  2479 | D        | Noticed a quicksilver dragon
  2479 | D        | Noticed a crystal guardian
  2479 | D        | Noticed a gargoyle
  2479 | D        | Noticed a quicksilver dragon
  2479 | D        | Noticed a quicksilver dragon
  2479 | D        | Noticed an iron dragon
  2479 | D        | Noticed a crystal guardian
  2479 | D        | Noticed a stone giant
  2479 | D        | Noticed a stone giant
  2479 | D        | Noticed a quicksilver dragon
  2479 | D        | Noticed an earth elemental
  2479 | D        | Noticed an iron golem
  2479 | D        | Noticed a quicksilver dragon
  2480 | D        | Noticed a gargoyle
  2480 | D        | Noticed a quicksilver dragon
  2480 | D        | Noticed a quicksilver dragon
  2480 | D        | Noticed a crystal guardian
  2480 | D        | Noticed an iron golem
  2480 | D        | Noticed an iron golem
  2480 | D        | Noticed a stone giant
  2480 | D        | Noticed a gargoyle
  2480 | D        | Noticed an iron golem
  2480 | D        | Noticed an iron golem
  2480 | D        | Noticed a crystal guardian
  2480 | D        | Noticed an iron dragon
  2480 | D        | Noticed a crystal guardian
  2481 | D        | Noticed a stone giant
  2481 | D        | Noticed an iron golem
  2481 | D        | Killed a gargoyle
  2481 | D        | Killed a crystal guardian
  2481 | D        | Reached skill level 1 in Hexes
  2481 | D        | Killed a gargoyle
  2481 | D        | Killed a crystal guardian
  2481 | D        | Killed an iron golem
  2481 | D        | Killed a stone giant
  2481 | D        | Killed a gargoyle
  2481 | D        | Killed a quicksilver dragon
  2481 | D        | Killed a gargoyle
  2481 | D        | Killed a quicksilver dragon
  2481 | D        | Reached skill level 5 in Hexes
  2481 | D        | Killed an earth elemental
  2481 | D        | Killed an iron dragon
  2481 | D        | Killed a quicksilver dragon
  2481 | D        | Killed a quicksilver dragon
  2481 | D        | Killed a stone giant
  2481 | D        | Killed a stone giant
  2481 | D        | Killed a quicksilver dragon
  2481 | D        | Killed a stone giant
  2481 | D        | Killed an iron dragon
  2481 | D        | Killed a stone giant
  2481 | D        | Killed a stone giant
  2481 | D        | Killed a quicksilver dragon
  2481 | D        | Killed a crystal guardian
  2481 | D        | Killed a crystal guardian
  2481 | D        | Killed an iron golem
  2481 | D        | Killed an iron golem
  2481 | D        | Killed an earth elemental
  2481 | D        | Killed an iron golem
  2481 | D        | Reached skill level 15 in Spellcasting
  2481 | D        | Killed an earth elemental
  2482 | D        | Killed a quicksilver dragon
  2482 | D        | Gained mutation: You are completely covered in molten scales (AC +4, EV -1, rF+). [demonic ancestry]
  2482 | D        | Reached XP level 17. HP: 147/153 MP: 32/39
  2486 | D        | Noticed an earth elemental
  2487 | D        | Killed an iron dragon
  2487 | D        | Reached skill level 10 in Hexes
  2489 | D        | Noticed an iron golem
  2489 | D        | Noticed a gargoyle
  2489 | D        | Noticed an iron golem
  2489 | D        | Killed a stone giant
  2490 | D        | Noticed a crystal guardian
  2490 | D        | Killed an iron golem
  2492 | D        | Noticed a stone giant
  2492 | D        | Killed a quicksilver dragon
  2492 | D        | Killed a crystal guardian
  2493 | D        | Killed an iron dragon
  2495 | D        | Noticed a crystal guardian
  2495 | D        | Noticed an earth elemental
  2496 | D        | Killed a gargoyle
  2499 | D        | Killed a crystal guardian
  2505 | D        | Killed an iron golem
  2507 | D        | Killed an earth elemental
  2507 | D        | Killed an iron golem
  2508 | D        | Killed a crystal guardian
  2510 | D        | Killed an iron golem
  2511 | D        | Killed a stone giant
  2516 | D        | Killed an earth elemental
  2527 | D        | Identified Tecsyeqyo's Disquisition on Frigorific Protection (You found it in the Dungeon)
  2545 | D        | Identified the Handbook of Freezing Necromancy (You found it in the Dungeon)
  2578 | D        | Identified the Handbook of Freezing Necromancy (You found it in the Dungeon)
  2584 | D        | Learned a level 5 spell: Cigotuvi's Embrace
  2587 | D        | Entered arena 25.
  2595 | D        | Noticed a yellow draconian shifter
  2596 | D        | Noticed a yellow draconian annihilator
  2596 | D        | Noticed a pale draconian
  2596 | D        | Noticed a white draconian
  2596 | D        | Noticed a mottled draconian
  2596 | D        | Noticed a mottled draconian
  2597 | D        | Noticed a pale draconian zealot
  2597 | D        | Noticed a white draconian shifter
  2597 | D        | Noticed a mottled draconian
  2597 | D        | Noticed a mottled draconian
  2597 | D        | Noticed a yellow draconian
  2597 | D        | Noticed a grey draconian
  2597 | D        | Noticed a red draconian
  2597 | D        | Noticed a grey draconian caller
  2597 | D        | Noticed a purple draconian monk
  2597 | D        | Noticed a black draconian scorcher
  2597 | D        | Noticed a mottled draconian
  2597 | D        | Noticed a white draconian
  2597 | D        | Noticed a green draconian
  2597 | D        | Noticed a red draconian
  2597 | D        | Noticed a green draconian scorcher
  2598 | D        | Noticed a red draconian annihilator
  2598 | D        | Noticed a yellow draconian
  2598 | D        | Noticed a pale draconian
  2598 | D        | Noticed a black draconian
  2598 | D        | Noticed a green draconian knight
  2598 | D        | Noticed a purple draconian
  2598 | D        | Noticed a yellow draconian scorcher
  2598 | D        | Noticed a yellow draconian
  2598 | D        | Noticed a green draconian monk
  2598 | D        | Noticed a green draconian
  2599 | D        | Noticed a yellow draconian
  2599 | D        | Noticed a red draconian
  2599 | D        | Noticed a mottled draconian
  2599 | D        | Killed a grey draconian
  2599 | D        | Killed a yellow draconian
  2600 | D        | Noticed a mottled draconian
  2600 | D        | Noticed a black draconian
  2600 | D        | Noticed a red draconian
  2600 | D        | Noticed a red draconian
  2600 | D        | Noticed a white draconian
  2601 | D        | Noticed a red draconian
  2602 | D        | Noticed a pale draconian
  2602 | D        | Noticed a red draconian
  2602 | D        | Noticed a yellow draconian zealot
  2602 | D        | Noticed a pale draconian
  2602 | D        | Noticed a yellow draconian
  2602 | D        | Killed a yellow draconian
  2603 | D        | Noticed a white draconian
  2604 | D        | Noticed a red draconian scorcher
  2604 | D        | Killed a yellow draconian scorcher
  2605 | D        | Noticed a pale draconian
  2605 | D        | Noticed a purple draconian scorcher
  2606 | D        | Noticed a red draconian
  2607 | D        | Noticed a grey draconian
  2607 | D        | Killed a grey draconian caller
  2609 | D        | Killed a red draconian
  2609 | D        | Killed a white draconian
  2609 | D        | Killed a mottled draconian
  2609 | D        | Killed a black draconian
  2610 | D        | Killed a pale draconian
  2610 | D        | Killed a black draconian scorcher
  2610 | D        | Reached skill level 15 in Air Magic
  2610 | D        | Killed a mottled draconian
  2610 | D        | Killed a red draconian scorcher
  2611 | D        | Killed a red draconian
  2611 | D        | Killed a green draconian
  2612 | D        | Killed a yellow draconian annihilator
  2612 | D        | Killed a yellow draconian shifter
  2613 | D        | Killed a red draconian
  2614 | D        | Killed a mottled draconian
  2614 | D        | Killed a purple draconian
  2618 | D        | Killed a pale draconian
  2620 | D        | Killed a red draconian annihilator
  2620 | D        | Killed a black draconian
  2622 | D        | Killed a green draconian knight
  2624 | D        | Killed a red draconian
  2624 | D        | Killed a white draconian shifter
  2624 | D        | Killed a red draconian
  2625 | D        | Killed a red draconian
  2632 | D        | Killed a red draconian
  2639 | D        | Killed a green draconian monk
  2639 | D        | Killed a pale draconian
  2640 | D        | Killed a pale draconian zealot
  2640 | D        | Killed a green draconian
  2641 | D        | Killed a green draconian scorcher
  2641 | D        | Killed a white draconian
  2641 | D        | Killed a red draconian
  2643 | D        | Killed a mottled draconian
  2645 | D        | Killed a white draconian
  2645 | D        | Killed a purple draconian monk
  2648 | D        | Killed a yellow draconian
  2648 | D        | Killed a grey draconian
  2648 | D        | Gained mutation: You are significantly more attuned to the shadows. [demonic ancestry]
  2648 | D        | Reached XP level 18. HP: 86/170 MP: 15/40
  2648 | D        | Killed a yellow draconian
  2648 | D        | Killed a mottled draconian
  2649 | D        | Killed a pale draconian
  2650 | D        | Killed a white draconian
  2653 | D        | Killed a yellow draconian
  2654 | D        | Killed a purple draconian scorcher
  2654 | D        | Killed a mottled draconian
  2654 | D        | Killed a mottled draconian
  2661 | D        | Killed a pale draconian
  2666 | D        | Killed a yellow draconian zealot
  2863 | D        | Entered arena 26.
  2871 | D        | Noticed a Shadow Fiend
  2872 | D        | Noticed a soul eater
  2872 | D        | Noticed a ghoul
  2872 | D        | Noticed a Shadow Fiend
  2872 | D        | Noticed a shadow
  2872 | D        | Noticed a soul eater
  2873 | D        | Noticed a shadow dragon
  2873 | D        | Noticed a shadow dragon
  2874 | D        | Noticed a soul eater
  2875 | D        | Noticed a ghoul
  2875 | D        | Noticed a shadow dragon
  2875 | D        | Noticed a flying skull
  2875 | D        | Noticed a shadow dragon
  2875 | D        | Killed a Shadow Fiend
  2876 | D        | Noticed a ghoul
  2876 | D        | Noticed a soul eater
  2876 | D        | Noticed a soul eater
  2877 | D        | Noticed a ghoul
  2877 | D        | Killed a Shadow Fiend
  2878 | D        | Noticed a shadow
  2878 | D        | Noticed an ancient lich
  2878 | D        | Noticed a wight
  2878 | D        | Noticed a ghoul
  2878 | D        | Noticed a necrophage
  2878 | D        | Killed a soul eater
  2879 | D        | Noticed a ghoul
  2879 | D        | Noticed a soul eater
  2879 | D        | Noticed a shadow dragon
  2879 | D        | Noticed a shadow dragon
  2879 | D        | Noticed a ghoul
  2879 | D        | Killed a shadow
  2879 | D        | Killed a flying skull
  2880 | D        | Noticed a ghoul
  2880 | D        | Noticed a shadow dragon
  2881 | D        | Killed a soul eater
  2881 | D        | Killed a flying skull
  2882 | D        | Noticed a Shadow Fiend
  2882 | D        | Killed a hellion
  2882 | D        | Killed a ghoul
  2883 | D        | Killed a shadow dragon
  2883 | D        | Killed a ghoul
  2884 | D        | Noticed a shadow dragon
  2884 | D        | Killed a wight
  2884 | D        | Killed a soul eater
  2884 | D        | Killed a necrophage
  2884 | D        | Killed a shadow
  2884 | D        | Killed a soul eater
  2884 | D        | Killed a shadow dragon
  2884 | D        | Killed a shadow dragon
  2884 | D        | Killed a shadow dragon
  2884 | D        | Killed a ghoul
  2884 | D        | Killed a soul eater
  2884 | D        | Killed a ghoul
  2884 | D        | Killed a soul eater
  2884 | D        | Killed a ghoul
  2884 | D        | Killed a shadow dragon
  2884 | D        | Killed a Shadow Fiend
  2884 | D        | Killed a ghoul
  2884 | D        | Killed an ancient lich
  2886 | D        | Killed a ghoul
  2887 | D        | Killed a shadow dragon
  2888 | D        | Killed a ghoul
  2889 | D        | Killed a shadow dragon
  2892 | D        | Killed a shadow dragon
  2921 | D        | Got the amulet "Namofaoll" {Clar Dex+4}
  2947 | D        | Got the ring of Vufuox {rN+ Dex+4}
  3031 | D        | Entered arena 27.
  3037 | D        | Noticed a vampire
  3037 | D        | Identified a +4 rod of destruction (5/9)
  3043 | D        | Killed a vampire
  3045 | D        | Noticed a soul eater
  3046 | D        | Noticed a ghoul
  3046 | D        | Noticed a reaper
  3046 | D        | Noticed a ghoul
  3047 | D        | Noticed a flying skull
  3048 | D        | Noticed a soul eater
  3048 | D        | Noticed a ghoul
  3049 | D        | Noticed a reaper
  3049 | D        | Noticed a soul eater
  3049 | D        | Noticed a shadow demon
  3049 | D        | Noticed a shadow dragon
  3050 | D        | Noticed a shadow dragon
  3050 | D        | Noticed a soul eater
  3050 | D        | Noticed a soul eater
  3050 | D        | Noticed a shadow dragon
  3051 | D        | Noticed a shadow dragon
  3051 | D        | Noticed a tormentor
  3051 | D        | Noticed a soul eater
  3051 | D        | Killed a flying skull
  3052 | D        | Noticed a reaper
  3052 | D        | Noticed a ghoul
  3053 | D        | Killed a soul eater
  3053 | D        | Killed a reaper
  3053 | D        | Killed a shadow demon
  3053 | D        | Killed a tormentor
  3053 | D        | Killed a soul eater
  3053 | D        | Killed a soul eater
  3053 | D        | Killed a shadow dragon
  3053 | D        | Killed a reaper
  3053 | D        | Killed a shadow dragon
  3053 | D        | Killed a shadow dragon
  3053 | D        | Killed a ghoul
  3053 | D        | Killed a ghoul
  3053 | D        | Killed a shadow dragon
  3053 | D        | Killed a soul eater
  3054 | D        | Noticed a ghoul
  3054 | D        | Killed a soul eater
  3055 | D        | Noticed a soul eater
  3055 | D        | Noticed a shadow dragon
  3055 | D        | Noticed a soul eater
  3055 | D        | Killed a soul eater
  3055 | D        | Killed a ghoul
  3056 | D        | Noticed a shadow dragon
  3056 | D        | Noticed a shadow dragon
  3056 | D        | Noticed a soul eater
  3057 | D        | Noticed a ghoul
  3057 | D        | Noticed a freezing wraith
  3057 | D        | Killed a ghoul
  3058 | D        | Noticed a necrophage
  3059 | D        | Noticed a ghoul
  3059 | D        | Noticed a ghoul
  3063 | D        | Killed a reaper
  3063 | D        | Killed a soul eater
  3063 | D        | Reached XP level 19. HP: 176/188 MP: 29/41
  3064 | D        | Killed a ghoul
  3066 | D        | Killed a ghoul
  3067 | D        | Killed a shadow dragon
  3068 | D        | Killed a soul eater
  3069 | D        | Killed a freezing wraith
  3069 | D        | Killed a soul eater
  3069 | D        | Killed a necrophage
  3070 | D        | Killed a ghoul
  3070 | D        | Reached skill level 27 in Fighting
  3071 | D        | Killed a shadow dragon
  3074 | D        | Killed a shadow dragon
  3075 | D        | Killed a ghoul
  3084 | D        | Got the ring "Ypriel" {rPois rC+ Str+3 Stlth-}
  3093 | D        | Got the Orb of Zot
  3526 | D        | Escaped with the Orb!

Action                   |  1- 3 |  4- 6 |  7- 9 | 10-12 | 13-15 | 16-18 | 19-21 || total
-------------------------+-------+-------+-------+-------+-------+-------+-------++-------
Melee: Broad axe         |     6 |     1 |    41 |    72 |    72 |   165 |    14 ||   371
 Cast: Regeneration      |       |       |       |       |     1 |     9 |       ||    10
       Deflect Missiles  |       |       |       |       |       |     1 |       ||     1
       Stoneskin         |       |       |       |       |       |     1 |       ||     1
       Haste             |       |       |       |       |       |     2 |       ||     2
       Tornado           |       |       |       |       |       |       |     1 ||     1
Invok: Upheaval          |       |       |     1 |     9 |    10 |    12 |       ||    32
       Disaster Area     |       |       |       |     1 |     3 |     5 |       ||     9
       Elemental Force   |       |       |       |       |       |     2 |       ||     2
Evoke: Lamp of fire      |       |       |       |       |       |     2 |       ||     2
       Phial of floods   |       |       |       |       |       |     1 |     2 ||     3
  Use: Potion            |     2 |       |       |       |       |     6 |     1 ||     9
       Scroll            |       |       |     1 |       |     1 |     2 |       ||     4
 Stab: Distracted        |       |       |       |       |     2 |     2 |       ||     4
  Eat: Chunk             |       |       |       |     2 |     2 |       |       ||     4
       Meat ration       |       |       |       |       |       |     2 |       ||     2
